Panthers vs Rangers

Created - November 11, 2016 at 21:04

Goals
1 2 3 T
Panthers 2 1 0 3
Rangers 1 1 0 2
Shots
1 2 3 T
Panthers 11 12 8 31
Rangers 9 13 8 30

1st period

1. Panthers , Pierre-Edouard Bellemare 1 (Ryan Carter, T.J. Brodie) at 6:26
2. Rangers , Jaromir Jagr 5 (Benoit Pouliot, Joel Edmundson) at 16:30
3. Panthers , Joe Thornton 3 (Pavel Datsyuk, T.J. Brodie) at 16:42

Penalties :
No Penalty

2nd period

4. Panthers , Artem Anisimov 10 (Patrick Kane, Nikolaj Ehlers) at 7:26
5. Rangers , Jaromir Jagr 6 (Alex Goligoski, Benoit Pouliot) at 14:23

Penalties :
Vladimir Tarasenko (FLA) for Interference (Minor) at 16:18

3rd period

No Goal

Penalties :
Alexey Marchenko (FLA) for Hooking (Minor) at 2:01

Goalie Stats

Marc-Andre Fleury (FLA), 28 saves from 30 shots - (0.933), W, 10-3-1, 60:00 minutes
Brian Elliott (NYR), 28 saves from 31 shots - (0.903), L, 5-12-0, 59:04 minutes

Players Stats for Panthers

Player Name              G  A  P  +/- PIM S  H  SB GA TA FO     MP     PP MP  PK MP  
------------------------------------------------------------------------------------
Alexey Marchenko         0  0  0  -1  2   0  0  1  0  0  0/0    14:24   0:00   0:00 
Artem Anisimov           1  0  1  -1  0   2  1  0  0  0  13/24  21:26   0:00   0:00 
Danny DeKeyser           0  0  0   0  0   0  2  0  0  0  0/0    22:08   0:00   2:03 
Jacob Trouba             0  0  0   0  0   2  3  1  0  0  0/0    14:36   0:00   2:03 
Joakim Nordstrom         0  0  0   0  0   1  0  1  0  0  0/1    13:14   0:00   1:58 
Joe Thornton             1  0  1   1  0   5  1  0  0  0  11/21  16:42   0:00   0:00 
Jori Lehtera             0  0  0   0  0   2  0  0  0  0  8/16   13:11   0:00   1:58 
Justin Braun             0  0  0   1  0   1  1  2  0  0  0/0    25:16   0:00   1:55 
Nikolaj Ehlers           0  1  1  -1  0   0  1  0  0  0  0/1    21:26   0:00   0:00 
Patrick Kane             0  1  1  -1  0   4  3  0  0  0  1/4    21:26   0:00   0:00 
Pavel Datsyuk            0  1  1   1  0   3  2  0  0  0  0/0    18:45   0:00   2:00 
Pierre-Edouard Bellemare 1  0  1   1  0   2  1  0  0  0  6/10    8:38   0:00   2:00 
Riley Nash               0  0  0   1  0   0  2  0  0  0  0/0     6:38   0:00   0:00 
Ryan Carter              0  1  1   1  0   0  3  0  0  0  0/0     6:38   0:00   0:00 
T.J. Brodie              0  2  2   2  0   0  0  2  0  0  0/0    23:30   0:00   1:55 
Tomas Hertl              0  0  0   0  0   3  1  0  0  0  0/1    11:16   0:00   0:00 
Trevor van Riemsdyk      0  0  0   0  0   2  0  0  0  0  0/0    20:05   0:00   0:00 
Vladimir Tarasenko       0  0  0   1  2   4  1  0  0  0  1/2    16:41   0:00   0:00 

Players Stats for Rangers

Player Name              G  A  P  +/- PIM S  H  SB GA TA FO     MP     PP MP  PK MP  
------------------------------------------------------------------------------------
Alex Goligoski           0  1  1  -1  0   1  1  3  0  0  0/0    24:27   1:37   0:00 
Benoit Pouliot           0  2  2   2  0   4  2  0  0  0  0/1    17:12   2:04   0:00 
Brad Richards            0  0  0   1  0   3  0  0  0  0  14/26  18:56   0:00   0:00 
Cedric Paquette          0  0  0  -1  0   1  0  3  0  0  1/1     6:05   1:54   0:00 
Chris Tanev              0  0  0  -1  0   1  0  0  0  0  0/0    20:16   2:21   0:00 
Connor McDavid           0  0  0  -2  0   4  0  1  0  0  13/26  21:32   2:04   0:00 
Craig Smith              0  0  0  -2  0   1  3  0  0  0  1/3    19:28   0:00   0:00 
Fredrik Claesson         0  0  0   1  0   1  0  0  0  0  0/0    16:37   1:37   0:00 
Jaromir Jagr             2  0  2   2  0   4  2  0  0  0  1/2    17:09   2:04   0:00 
Joel Edmundson           0  1  1   1  0   1  1  1  0  0  0/0    15:17   0:00   0:00 
Karl Alzner              0  0  0  -1  0   0  4  2  0  0  0/0    22:50   0:00   0:00 
Kris Russell             0  0  0  -1  0   0  2  0  0  0  0/0    20:33   2:21   0:00 
Mark Letestu             0  0  0  -1  0   0  0  0  0  0  0/0     3:54   0:00   0:00 
Matt Calvert             0  0  0   0  0   1  1  0  0  0  0/1    19:29   1:54   0:00 
Nick Schultz             0  0  0   0  0   0  0  0  0  0  0/0     0:00   0:00   0:00 
Sean Couturier           0  0  0   0  0   3  0  0  0  0  10/20  17:35   0:00   0:00 
Tomas Tatar              0  0  0  -2  0   4  0  0  0  0  0/0    21:05   1:54   0:00 
Tyler Ennis              0  0  0   0  0   1  1  0  0  0  0/0    17:35   0:00   0:00 

3 Stars

1 - Jaromir Jagr (NYR)
2 - Benoit Pouliot (NYR)
3 - T.J. Brodie (FLA)

Power Play

Panthers - 0 on 0 Attempt(s) - 0.00%
Rangers - 0 on 2 Attempt(s) - 0.00%

Penalty Kill

Panthers - 2 on 2 Attempt(s) - 100.00% - Score 0 goal in Penalty Kill
Rangers - 0 on 0 Attempt(s) - 0.00% - Score 0 goal in Penalty Kill

Team Stat

Panthers - Hits : 22 - Faceoff Wins : 40 - Blocked Shots : 7 - Penalty Minutes : 4
Rangers - Hits : 17 - Faceoff Wins : 40 - Blocked Shots : 10 - Penalty Minutes : 0

Official

Referees : Steve Kozari and Francois StLaurent
Linesman : Derek Nansen and Ryan Galloway

Game Notes

No Game Note

Finance

Level 1 -- Attendance: 4260 (65.54%) -- Ticket Income $532,500
Level 2 -- Attendance: 4428 (88.56%) -- Ticket Income $332,100
Level 3 -- Attendance: 3423 (97.80%) -- Ticket Income $171,150
Level 4 -- Attendance: 2006 (100.00%) -- Ticket Income $50,150
Luxury Box -- Attendance: 756 (75.60%) -- Ticket Income $189,000
Game was played at the Madison Square Garden.
Total Attendance: 14873 (82.60%)
Total Ticket Income: $1,274,900
Other Income: $191,235
Total Income: $1,466,135

% Time on Ice - Panthers

Lines # - Real PCT - Wanted PCT - Time Play
Normal Forward
1 - 38% - 40% - 21:26
2 - 30% - 30% - 16:42
3 - 20% - 20% - 11:13
4 - 12% - 10% - 6:38
Normal Defense
1 - 38% - 40% - 21:32
2 - 36% - 35% - 20:05
3 - 22% - 20% - 12:33
4 - 3% - 5% - 1:49
PP Forward
1 - 0% - 60%
2 - 0% - 40%
PP Defense
1 - 0% - 60%
2 - 0% - 40%
PK Forward
1 - 50% - 50% - 1:58
2 - 50% - 50% - 2:00
PK Defense
1 - 52% - 60% - 2:03
2 - 48% - 40% - 1:55
PK3 Forward
1 - 0% - 60%
2 - 0% - 40%
PK3 Defense
1 - 0% - 60%
2 - 0% - 40%
44 Forward
1 - 0% - 60%
2 - 0% - 40%
44 Defense
1 - 0% - 60%
2 - 0% - 40%
Last Minute Offensive  - 0:00
Last Minute Defensive  - 0:03
Total
Forward - 60:00
Defense - 60:00

% Time on Ice - Rangers

Lines # - Real PCT - Wanted PCT - Time Play
Normal Forward
1 - 34% - 40% - 19:11
2 - 27% - 30% - 15:05
3 - 32% - 20% - 17:35
4 - 7% - 10% - 3:54
Normal Defense
1 - 35% - 40% - 19:33
2 - 32% - 30% - 17:55
3 - 27% - 20% - 15:00
4 - 6% - 10% - 3:17
PP Forward
1 - 52% - 60% - 2:04
2 - 48% - 40% - 1:54
PP Defense
1 - 59% - 60% - 2:21
2 - 41% - 40% - 1:37
PK Forward
1 - 0% - 60%
2 - 0% - 40%
PK Defense
1 - 0% - 60%
2 - 0% - 40%
PK3 Forward
1 - 0% - 60%
2 - 0% - 40%
PK3 Defense
1 - 0% - 60%
2 - 0% - 40%
44 Forward
1 - 0% - 60%
2 - 0% - 40%
44 Defense
1 - 0% - 60%
2 - 0% - 40%
Last Minute Offensive  - 0:17
Last Minute Defensive  - 0:00
Total
Forward - 60:00
Defense - 60:00

Play by Play

1st period


0:01 of 1st period - Connor McDavid wins face-off versus Artem Anisimov in neutral zone.
0:01 of 1st period - Connor McDavid is hit by Artem Anisimov.
0:20 of 1st period - Tomas Tatar is hit by Justin Braun.
1:02 of 1st period - Danny DeKeyser is hit by Craig Smith and loses puck.
1:33 of 1st period - Shot by Pavel Datsyuk.
1:33 of 1st period - Shot Hit the Post.
1:51 of 1st period - Shot by Jori Lehtera.
1:51 of 1st period - Deflect By Tomas Hertl.
1:51 of 1st period - Stopped by Brian Elliott without a rebound.
1:52 of 1st period - Pierre-Edouard Bellemare wins face-off versus Sean Couturier in Rangers zone.
2:10 of 1st period - Icing by Fredrik Claesson.
2:11 of 1st period - Sean Couturier wins face-off versus Jori Lehtera in Rangers zone.
2:24 of 1st period - Shot by Jori Lehtera.
2:24 of 1st period - Stopped by Brian Elliott without a rebound.
2:25 of 1st period - Brad Richards wins face-off versus Patrick Kane in Rangers zone.
2:37 of 1st period - Icing by Patrick Kane.
2:38 of 1st period - Artem Anisimov wins face-off versus Sean Couturier in Panthers zone.
3:48 of 1st period - Off-side.
3:49 of 1st period - Brad Richards wins face-off versus Joe Thornton in neutral zone.
3:57 of 1st period - Icing by Alexey Marchenko.
3:58 of 1st period - Connor McDavid wins face-off versus Joe Thornton in Panthers zone.
4:17 of 1st period - Shot by Joe Thornton.
4:17 of 1st period - Shot Misses the Net.
4:33 of 1st period - Shot by Tomas Tatar.
4:33 of 1st period - Stopped by Marc-Andre Fleury with a rebound.
4:38 of 1st period - Joe Thornton is hit by Karl Alzner.
4:49 of 1st period - Icing by Alex Goligoski.
4:50 of 1st period - Artem Anisimov wins face-off versus Connor McDavid in Rangers zone.
5:13 of 1st period - Shot by Patrick Kane.
5:13 of 1st period - Shot Misses the Net.
5:18 of 1st period - Off-side.
5:19 of 1st period - Sean Couturier wins face-off versus Joakim Nordstrom in neutral zone.
5:44 of 1st period - Icing by Danny DeKeyser.
5:45 of 1st period - Jori Lehtera wins face-off versus Brad Richards in Panthers zone.
6:11 of 1st period - Shot by Tomas Hertl.
6:11 of 1st period - Stopped by Brian Elliott without a rebound.
6:12 of 1st period - Pierre-Edouard Bellemare wins face-off versus Craig Smith in Rangers zone.
6:12 of 1st period - Pierre-Edouard Bellemare is hit by Alex Goligoski.
6:24 of 1st period - Shot by Ryan Carter.
6:24 of 1st period - Shot Blocked by Alex Goligoski.
6:26 of 1st period - Shot by Pierre-Edouard Bellemare.
6:26 of 1st period - Goal by Pierre-Edouard Bellemare - Panthers : 1 - Rangers : 0.
6:27 of 1st period - Patrick Kane wins face-off versus Brad Richards in neutral zone.
6:42 of 1st period - Shot by Artem Anisimov.
6:42 of 1st period - Stopped by Brian Elliott with a rebound.
6:54 of 1st period - Shot by Patrick Kane.
6:54 of 1st period - Stopped by Brian Elliott with a rebound.
6:56 of 1st period - Shot by Alexey Marchenko.
6:56 of 1st period - Deflect By Patrick Kane.
6:56 of 1st period - Shot Blocked by Cedric Paquette.
6:58 of 1st period - Shot by Jacob Trouba.
6:58 of 1st period - Stopped by Brian Elliott without a rebound.
6:59 of 1st period - Vladimir Tarasenko wins face-off versus Connor McDavid in Rangers zone.
7:26 of 1st period - Shot by Craig Smith.
7:26 of 1st period - Shot Blocked by T.J. Brodie.
7:28 of 1st period - Shot by Karl Alzner.
7:28 of 1st period - Shot Blocked by T.J. Brodie.
7:32 of 1st period - Shot by Connor McDavid.
7:32 of 1st period - Stopped by Marc-Andre Fleury with a rebound.
8:07 of 1st period - Off-side.
8:08 of 1st period - Artem Anisimov wins face-off versus Brad Richards in neutral zone.
8:21 of 1st period - Shot by Jaromir Jagr.
8:21 of 1st period - Deflect By Benoit Pouliot.
8:21 of 1st period - Stopped by Marc-Andre Fleury without a rebound.
8:22 of 1st period - Sean Couturier wins face-off versus Pierre-Edouard Bellemare in Panthers zone.
8:24 of 1st period - Tyler Ennis is hit by Jacob Trouba and loses puck.
8:46 of 1st period - Riley Nash is hit by Kris Russell and loses puck.
9:40 of 1st period - Shot by Patrick Kane.
9:40 of 1st period - Shot Misses the Net.
10:22 of 1st period - Jori Lehtera is hit by Benoit Pouliot and loses puck.
10:35 of 1st period - Shot by Joakim Nordstrom.
10:35 of 1st period - Shot Misses the Net.
11:08 of 1st period - Alexey Marchenko is hit by Jaromir Jagr and loses puck.
11:16 of 1st period - Icing by Alexey Marchenko.
11:17 of 1st period - Connor McDavid wins face-off versus Joe Thornton in Panthers zone.
11:20 of 1st period - Shot by Tomas Tatar.
11:20 of 1st period - Stopped by Marc-Andre Fleury without a rebound.
11:21 of 1st period - Artem Anisimov wins face-off versus Connor McDavid in Panthers zone.
11:38 of 1st period - Craig Smith is hit by Patrick Kane and loses puck.
12:12 of 1st period - Icing by Connor McDavid.
12:13 of 1st period - Connor McDavid wins face-off versus Joe Thornton in Rangers zone.
12:28 of 1st period - Shot by Pavel Datsyuk.
12:28 of 1st period - Stopped by Brian Elliott without a rebound.
12:29 of 1st period - Pierre-Edouard Bellemare wins face-off versus Sean Couturier in Rangers zone.
12:34 of 1st period - Shot by Riley Nash.
12:34 of 1st period - Shot Misses the Net.
13:25 of 1st period - Icing by Karl Alzner.
13:26 of 1st period - Sean Couturier wins face-off versus Artem Anisimov in Rangers zone.
13:26 of 1st period - Sean Couturier is hit by Patrick Kane.
13:38 of 1st period - Icing by Artem Anisimov.
13:39 of 1st period - Brad Richards wins face-off versus Artem Anisimov in Panthers zone.
14:10 of 1st period - Shot by Artem Anisimov.
14:10 of 1st period - Shot Misses the Net.
14:21 of 1st period - Brad Richards is hit by Danny DeKeyser and loses puck.
14:31 of 1st period - Off-side.
14:32 of 1st period - Connor McDavid wins face-off versus Joe Thornton in neutral zone.
14:54 of 1st period - Shot by Joe Thornton.
14:54 of 1st period - Shot Blocked by Connor McDavid.
15:45 of 1st period - Shot by Jori Lehtera.
15:45 of 1st period - Shot Blocked by Alex Goligoski.
16:05 of 1st period - Shot by Tyler Ennis.
16:05 of 1st period - Shot Misses the Net.
16:13 of 1st period - Shot by Sean Couturier.
16:13 of 1st period - Stopped by Marc-Andre Fleury without a rebound.
16:14 of 1st period - Brad Richards wins face-off versus Artem Anisimov in Panthers zone.
16:30 of 1st period - Shot by Jaromir Jagr.
16:30 of 1st period - Goal by Jaromir Jagr - Panthers : 1 - Rangers : 1.
16:31 of 1st period - Joe Thornton wins face-off versus Brad Richards in neutral zone.
16:34 of 1st period - Shot by Pavel Datsyuk.
16:34 of 1st period - Shot Blocked by Cedric Paquette.
16:36 of 1st period - Shot by Pavel Datsyuk.
16:36 of 1st period - Shot Misses the Net.
16:38 of 1st period - Shot by T.J. Brodie.
16:38 of 1st period - Shot Blocked by Cedric Paquette.
16:42 of 1st period - Shot by Joe Thornton.
16:42 of 1st period - Goal by Joe Thornton - Panthers : 2 - Rangers : 1.
16:43 of 1st period - Connor McDavid wins face-off versus Patrick Kane in neutral zone.
17:00 of 1st period - Off-side.
17:01 of 1st period - Joe Thornton wins face-off versus Brad Richards in neutral zone.
17:26 of 1st period - Shot by Jaromir Jagr.
17:26 of 1st period - Stopped by Marc-Andre Fleury without a rebound.
17:27 of 1st period - Connor McDavid wins face-off versus Artem Anisimov in Panthers zone.
17:44 of 1st period - Shot by Connor McDavid.
17:44 of 1st period - Stopped by Marc-Andre Fleury without a rebound.
17:45 of 1st period - Joe Thornton wins face-off versus Brad Richards in Panthers zone.
18:02 of 1st period - Shot by Vladimir Tarasenko.
18:02 of 1st period - Stopped by Brian Elliott with a rebound.
18:07 of 1st period - Benoit Pouliot is hit by Joe Thornton and loses puck.
19:03 of 1st period - Nikolaj Ehlers is hit by Karl Alzner and loses puck.
19:16 of 1st period - Shot by Patrick Kane.
19:16 of 1st period - Stopped by Brian Elliott without a rebound.
19:17 of 1st period - Jori Lehtera wins face-off versus Sean Couturier in Rangers zone.
19:28 of 1st period - Off-side.
19:29 of 1st period - Sean Couturier wins face-off versus Pierre-Edouard Bellemare in neutral zone.
19:29 of 1st period - Sean Couturier is hit by Riley Nash.
19:33 of 1st period - Shot by Tyler Ennis.
19:33 of 1st period - Deflect By Sean Couturier.
19:33 of 1st period - Stopped by Marc-Andre Fleury with a rebound.
19:52 of 1st period - Icing by Justin Braun.
19:53 of 1st period - Pierre-Edouard Bellemare wins face-off versus Connor McDavid in Panthers zone.
19:53 of 1st period - Pierre-Edouard Bellemare is hit by Craig Smith.
Goals for this period are 2 for Panthers vs 1 for Rangers.
Shots for this period are 11 for Panthers vs 9 for Rangers.

2nd period


0:01 of 2nd period - Artem Anisimov wins face-off versus Connor McDavid in neutral zone.
0:06 of 2nd period - Shot by Patrick Kane.
0:06 of 2nd period - Shot Blocked by Karl Alzner.
0:22 of 2nd period - Shot by Tomas Tatar.
0:22 of 2nd period - Shot Misses the Net.
0:32 of 2nd period - Shot by Patrick Kane.
0:32 of 2nd period - Shot Misses the Net.
1:23 of 2nd period - Shot by Fredrik Claesson.
1:23 of 2nd period - Stopped by Marc-Andre Fleury without a rebound.
1:24 of 2nd period - Jori Lehtera wins face-off versus Sean Couturier in Panthers zone.
1:24 of 2nd period - Jori Lehtera is hit by Tyler Ennis.
1:30 of 2nd period - Shot by Tomas Hertl.
1:30 of 2nd period - Stopped by Brian Elliott with a rebound.
1:32 of 2nd period - Shot by Tomas Hertl.
1:32 of 2nd period - Shot Misses the Net.
1:36 of 2nd period - Shot by Joakim Nordstrom.
1:36 of 2nd period - Shot Misses the Net.
3:49 of 2nd period - Shot by Riley Nash.
3:49 of 2nd period - Shot Misses the Net.
5:31 of 2nd period - Shot by Joakim Nordstrom.
5:31 of 2nd period - Stopped by Brian Elliott with a rebound.
6:27 of 2nd period - Chris Tanev is hit by Ryan Carter and loses puck.
6:40 of 2nd period - Shot by Pierre-Edouard Bellemare.
6:40 of 2nd period - Shot Misses the Net.
6:42 of 2nd period - Shot by Alexey Marchenko.
6:42 of 2nd period - Shot Misses the Net.
6:44 of 2nd period - Shot by Jacob Trouba.
6:44 of 2nd period - Stopped by Brian Elliott with a rebound.
6:50 of 2nd period - Shot by Pierre-Edouard Bellemare.
6:50 of 2nd period - Stopped by Brian Elliott without a rebound.
6:51 of 2nd period - Artem Anisimov wins face-off versus Connor McDavid in Rangers zone.
7:26 of 2nd period - Shot by Artem Anisimov.
7:26 of 2nd period - Goal by Artem Anisimov - Panthers : 3 - Rangers : 1.
7:27 of 2nd period - Joe Thornton wins face-off versus Brad Richards in neutral zone.
7:30 of 2nd period - Shot by Vladimir Tarasenko.
7:30 of 2nd period - Shot Misses the Net.
7:38 of 2nd period - Shot by Vladimir Tarasenko.
7:38 of 2nd period - Shot Misses the Net.
7:40 of 2nd period - Shot by Vladimir Tarasenko.
7:40 of 2nd period - Shot Misses the Net.
7:42 of 2nd period - Shot by T.J. Brodie.
7:42 of 2nd period - Shot Misses the Net.
7:48 of 2nd period - Shot by Joe Thornton.
7:48 of 2nd period - Stopped by Brian Elliott without a rebound.
7:49 of 2nd period - Brad Richards wins face-off versus Tomas Hertl in Rangers zone.
8:08 of 2nd period - Shot by Mark Letestu.
8:08 of 2nd period - Shot Misses the Net.
8:10 of 2nd period - Shot by Mark Letestu.
8:10 of 2nd period - Shot Misses the Net.
8:12 of 2nd period - Shot by Mark Letestu.
8:12 of 2nd period - Shot Misses the Net.
9:06 of 2nd period - Shot by Craig Smith.
9:06 of 2nd period - Stopped by Marc-Andre Fleury without a rebound.
9:07 of 2nd period - Joe Thornton wins face-off versus Brad Richards in Panthers zone.
9:12 of 2nd period - Jaromir Jagr is hit by Vladimir Tarasenko and loses puck.
9:37 of 2nd period - Shot by Jaromir Jagr.
9:37 of 2nd period - Shot Misses the Net.
10:16 of 2nd period - T.J. Brodie is hit by Joel Edmundson and loses puck.
10:28 of 2nd period - Icing by T.J. Brodie.
10:29 of 2nd period - Sean Couturier wins face-off versus Artem Anisimov in Panthers zone.
10:47 of 2nd period - Shot by Tyler Ennis.
10:47 of 2nd period - Stopped by Marc-Andre Fleury without a rebound.
10:48 of 2nd period - Brad Richards wins face-off versus Jori Lehtera in Panthers zone.
10:51 of 2nd period - Shot by Alex Goligoski.
10:51 of 2nd period - Stopped by Marc-Andre Fleury with a rebound.
10:53 of 2nd period - Shot by Jaromir Jagr.
10:53 of 2nd period - Deflect By Benoit Pouliot.
10:53 of 2nd period - Shot Misses the Net.
11:18 of 2nd period - Benoit Pouliot is hit by Jacob Trouba and loses puck.
11:47 of 2nd period - Shot by Pavel Datsyuk.
11:47 of 2nd period - Stopped by Brian Elliott without a rebound.
11:48 of 2nd period - Connor McDavid wins face-off versus Nikolaj Ehlers in Rangers zone.
12:53 of 2nd period - Shot by Vladimir Tarasenko.
12:53 of 2nd period - Stopped by Brian Elliott without a rebound.
12:54 of 2nd period - Joe Thornton wins face-off versus Jaromir Jagr in Rangers zone.
13:05 of 2nd period - Shot by Joe Thornton.
13:05 of 2nd period - Stopped by Brian Elliott without a rebound.
13:06 of 2nd period - Sean Couturier wins face-off versus Jori Lehtera in Rangers zone.
13:06 of 2nd period - Sean Couturier is hit by Tomas Hertl.
13:33 of 2nd period - Shot by Sean Couturier.
13:33 of 2nd period - Stopped by Marc-Andre Fleury without a rebound.
13:34 of 2nd period - Joe Thornton wins face-off versus Connor McDavid in Panthers zone.
13:45 of 2nd period - Chris Tanev is hit by Pavel Datsyuk and loses puck.
13:56 of 2nd period - Shot by Joe Thornton.
13:56 of 2nd period - Stopped by Brian Elliott without a rebound.
13:57 of 2nd period - Brad Richards wins face-off versus Patrick Kane in Rangers zone.
13:59 of 2nd period - Icing by Benoit Pouliot.
14:00 of 2nd period - Artem Anisimov wins face-off versus Brad Richards in Rangers zone.
14:13 of 2nd period - Shot by Brad Richards.
14:13 of 2nd period - Shot Blocked by Justin Braun.
14:15 of 2nd period - Shot by Benoit Pouliot.
14:15 of 2nd period - Shot Blocked by Alexey Marchenko.
14:17 of 2nd period - Shot by Brad Richards.
14:17 of 2nd period - Shot Misses the Net.
14:19 of 2nd period - Shot by Benoit Pouliot.
14:19 of 2nd period - Stopped by Marc-Andre Fleury with a rebound.
14:21 of 2nd period - Shot by Alex Goligoski.
14:21 of 2nd period - Shot Blocked by Justin Braun.
14:23 of 2nd period - Shot by Jaromir Jagr.
14:23 of 2nd period - Goal by Jaromir Jagr - Panthers : 3 - Rangers : 2.
14:24 of 2nd period - Joe Thornton wins face-off versus Craig Smith in neutral zone.
14:39 of 2nd period - Shot by Connor McDavid.
14:39 of 2nd period - Shot Misses the Net.
15:06 of 2nd period - Icing by Connor McDavid.
15:07 of 2nd period - Artem Anisimov wins face-off versus Connor McDavid in Rangers zone.
15:08 of 2nd period - Shot by Patrick Kane.
15:08 of 2nd period - Stopped by Brian Elliott without a rebound.
15:09 of 2nd period - Jaromir Jagr wins face-off versus Artem Anisimov in Rangers zone.
15:42 of 2nd period - T.J. Brodie is hit by Jaromir Jagr and loses puck.
16:18 of 2nd period - Minor Penalty to Vladimir Tarasenko for Interference.
16:19 of 2nd period - Cedric Paquette wins face-off versus Jori Lehtera in Panthers zone.
16:31 of 2nd period - Shot by Cedric Paquette.
16:31 of 2nd period - Stopped by Marc-Andre Fleury with a rebound.
16:33 of 2nd period - Shot by Tomas Tatar.
16:33 of 2nd period - Stopped by Marc-Andre Fleury with a rebound.
16:35 of 2nd period - Shot by Cedric Paquette.
16:35 of 2nd period - Deflect By Tomas Tatar.
16:35 of 2nd period - Stopped by Marc-Andre Fleury without a rebound.
16:36 of 2nd period - Pierre-Edouard Bellemare wins face-off versus Connor McDavid in Panthers zone.
17:09 of 2nd period - Shot by Chris Tanev.
17:09 of 2nd period - Shot Blocked by Jacob Trouba.
17:11 of 2nd period - Shot by Benoit Pouliot.
17:11 of 2nd period - Stopped by Marc-Andre Fleury without a rebound.
17:12 of 2nd period - Jori Lehtera wins face-off versus Matt Calvert in Panthers zone.
17:21 of 2nd period - Jori Lehtera is hit by Matt Calvert and loses puck.
17:36 of 2nd period - Shot by Alex Goligoski.
17:36 of 2nd period - Shot Misses the Net.
17:38 of 2nd period - Shot by Cedric Paquette.
17:38 of 2nd period - Shot Misses the Net.
18:08 of 2nd period - Off-side.
18:09 of 2nd period - Connor McDavid wins face-off versus Jori Lehtera in neutral zone.
18:28 of 2nd period - Shot by Benoit Pouliot.
18:28 of 2nd period - Stopped by Marc-Andre Fleury without a rebound.
18:29 of 2nd period - Jori Lehtera wins face-off versus Connor McDavid in Panthers zone.
18:59 of 2nd period - Shot by Jori Lehtera.
18:59 of 2nd period - Stopped by Brian Elliott without a rebound.
19:00 of 2nd period - Artem Anisimov wins face-off versus Benoit Pouliot in Rangers zone.
19:13 of 2nd period - Shot by Jaromir Jagr.
19:13 of 2nd period - Stopped by Marc-Andre Fleury without a rebound.
19:14 of 2nd period - Sean Couturier wins face-off versus Vladimir Tarasenko in Panthers zone.
19:54 of 2nd period - Off-side.
19:55 of 2nd period - Artem Anisimov wins face-off versus Brad Richards in neutral zone.
19:55 of 2nd period - Patrick Kane is hit by Benoit Pouliot.
Goals for this period are 1 for Panthers vs 1 for Rangers.
Shots for this period are 12 for Panthers vs 13 for Rangers.

3rd period


0:01 of 3rd period - Connor McDavid wins face-off versus Artem Anisimov in neutral zone.
0:19 of 3rd period - Tomas Tatar is hit by Patrick Kane.
0:29 of 3rd period - Shot by Patrick Kane.
0:29 of 3rd period - Shot Misses the Net.
0:55 of 3rd period - Joe Thornton is hit by Craig Smith and loses puck.
1:03 of 3rd period - Icing by Trevor van Riemsdyk.
1:04 of 3rd period - Brad Richards wins face-off versus Joe Thornton in Panthers zone.
1:15 of 3rd period - Shot by Jaromir Jagr.
1:15 of 3rd period - Shot Misses the Net.
1:17 of 3rd period - Shot by Brad Richards.
1:17 of 3rd period - Stopped by Marc-Andre Fleury with a rebound.
1:19 of 3rd period - Shot by Brad Richards.
1:19 of 3rd period - Stopped by Marc-Andre Fleury without a rebound.
1:20 of 3rd period - Pierre-Edouard Bellemare wins face-off versus Sean Couturier in Panthers zone.
1:33 of 3rd period - Sean Couturier is hit by Riley Nash and loses puck.
1:49 of 3rd period - Sean Couturier is hit by Jacob Trouba and loses puck.
2:01 of 3rd period - Minor Penalty to Alexey Marchenko for Hooking.
2:02 of 3rd period - Jori Lehtera wins face-off versus Connor McDavid in Panthers zone.
3:40 of 3rd period - Shot by Tomas Tatar.
3:40 of 3rd period - Shot Misses the Net.
3:57 of 3rd period - Icing by Kris Russell.
3:58 of 3rd period - Connor McDavid wins face-off versus Pierre-Edouard Bellemare in Rangers zone.
4:00 of 3rd period - Icing by Benoit Pouliot.
4:01 of 3rd period - Artem Anisimov wins face-off versus Brad Richards in Rangers zone.
4:02 of 3rd period - Shot by Patrick Kane.
4:02 of 3rd period - Shot Blocked by Karl Alzner.
4:09 of 3rd period - Patrick Kane is hit by Karl Alzner and loses puck.
4:22 of 3rd period - Shot by Artem Anisimov.
4:22 of 3rd period - Shot Misses the Net.
4:28 of 3rd period - Shot by Artem Anisimov.
4:28 of 3rd period - Shot Misses the Net.
4:30 of 3rd period - Shot by Artem Anisimov.
4:30 of 3rd period - Deflect By Patrick Kane.
4:30 of 3rd period - Shot Blocked by Alex Goligoski.
4:38 of 3rd period - Shot by Patrick Kane.
4:38 of 3rd period - Shot Misses the Net.
4:40 of 3rd period - Shot by Justin Braun.
4:40 of 3rd period - Stopped by Brian Elliott without a rebound.
4:41 of 3rd period - Joe Thornton wins face-off versus Connor McDavid in Rangers zone.
4:42 of 3rd period - Shot by Pavel Datsyuk.
4:42 of 3rd period - Shot Hit the Post.
4:44 of 3rd period - Shot by Trevor van Riemsdyk.
4:44 of 3rd period - Stopped by Brian Elliott without a rebound.
4:45 of 3rd period - Joe Thornton wins face-off versus Connor McDavid in Rangers zone.
5:04 of 3rd period - Shot by Pavel Datsyuk.
5:04 of 3rd period - Shot Misses the Net.
5:15 of 3rd period - Pavel Datsyuk is hit by Kris Russell and loses puck.
5:24 of 3rd period - Shot by Pavel Datsyuk.
5:24 of 3rd period - Stopped by Brian Elliott with a rebound.
5:26 of 3rd period - Shot by Danny DeKeyser.
5:26 of 3rd period - Shot Misses the Net.
5:28 of 3rd period - Shot by Trevor van Riemsdyk.
5:28 of 3rd period - Stopped by Brian Elliott without a rebound.
5:29 of 3rd period - Brad Richards wins face-off versus Artem Anisimov in Rangers zone.
5:29 of 3rd period - Brad Richards is hit by Nikolaj Ehlers.
5:56 of 3rd period - Icing by Patrick Kane.
5:57 of 3rd period - Artem Anisimov wins face-off versus Sean Couturier in Panthers zone.
6:14 of 3rd period - Shot by Patrick Kane.
6:14 of 3rd period - Shot Blocked by Joel Edmundson.
7:11 of 3rd period - Icing by Sean Couturier.
7:12 of 3rd period - Sean Couturier wins face-off versus Joe Thornton in Rangers zone.
7:39 of 3rd period - Vladimir Tarasenko is hit by Karl Alzner and loses puck.
7:42 of 3rd period - Shot by Vladimir Tarasenko.
7:42 of 3rd period - Stopped by Brian Elliott with a rebound.
8:14 of 3rd period - Shot by Patrick Kane.
8:14 of 3rd period - Stopped by Brian Elliott without a rebound.
8:15 of 3rd period - Brad Richards wins face-off versus Jori Lehtera in Rangers zone.
8:38 of 3rd period - Shot by Brad Richards.
8:38 of 3rd period - Shot Misses the Net.
8:40 of 3rd period - Shot by Chris Tanev.
8:40 of 3rd period - Stopped by Marc-Andre Fleury without a rebound.
8:41 of 3rd period - Brad Richards wins face-off versus Artem Anisimov in Panthers zone.
8:48 of 3rd period - Shot by Mark Letestu.
8:48 of 3rd period - Shot Misses the Net.
8:50 of 3rd period - Shot by Mark Letestu.
8:50 of 3rd period - Shot Hit the Post.
8:56 of 3rd period - Shot by Mark Letestu.
8:56 of 3rd period - Shot Hit the Post.
9:08 of 3rd period - Shot by Brad Richards.
9:08 of 3rd period - Shot Misses the Net.
9:10 of 3rd period - Shot by Brad Richards.
9:10 of 3rd period - Stopped by Marc-Andre Fleury without a rebound.
9:11 of 3rd period - Connor McDavid wins face-off versus Joe Thornton in Panthers zone.
9:44 of 3rd period - Shot by Connor McDavid.
9:44 of 3rd period - Stopped by Marc-Andre Fleury without a rebound.
9:45 of 3rd period - Artem Anisimov wins face-off versus Sean Couturier in Panthers zone.
10:06 of 3rd period - Shot by Sean Couturier.
10:06 of 3rd period - Shot Misses the Net.
10:08 of 3rd period - Shot by Joel Edmundson.
10:08 of 3rd period - Stopped by Marc-Andre Fleury with a rebound.
10:10 of 3rd period - Shot by Sean Couturier.
10:10 of 3rd period - Shot Misses the Net.
10:18 of 3rd period - Shot by Matt Calvert.
10:18 of 3rd period - Stopped by Marc-Andre Fleury without a rebound.
10:19 of 3rd period - Jori Lehtera wins face-off versus Brad Richards in Panthers zone.
11:02 of 3rd period - Icing by Trevor van Riemsdyk.
11:03 of 3rd period - Connor McDavid wins face-off versus Jori Lehtera in Panthers zone.
11:10 of 3rd period - Shot by Connor McDavid.
11:10 of 3rd period - Shot Blocked by Joakim Nordstrom.
11:19 of 3rd period - Icing by Danny DeKeyser.
11:20 of 3rd period - Jori Lehtera wins face-off versus Sean Couturier in Panthers zone.
11:43 of 3rd period - Shot by Tyler Ennis.
11:43 of 3rd period - Shot Misses the Net.
12:23 of 3rd period - Fredrik Claesson is hit by Pavel Datsyuk and loses puck.
12:44 of 3rd period - Shot by Joe Thornton.
12:44 of 3rd period - Stopped by Brian Elliott without a rebound.
12:45 of 3rd period - Brad Richards wins face-off versus Pierre-Edouard Bellemare in Rangers zone.
12:45 of 3rd period - Brad Richards is hit by Ryan Carter.
13:10 of 3rd period - Jaromir Jagr is hit by Ryan Carter and loses puck.
13:47 of 3rd period - Shot by Joe Thornton.
13:47 of 3rd period - Shot Misses the Net.
13:51 of 3rd period - Shot by Vladimir Tarasenko.
13:51 of 3rd period - Stopped by Brian Elliott without a rebound.
13:52 of 3rd period - Craig Smith wins face-off versus Artem Anisimov in Rangers zone.
14:48 of 3rd period - Off-side.
14:49 of 3rd period - Brad Richards wins face-off versus Joe Thornton in neutral zone.
15:04 of 3rd period - Icing by Pavel Datsyuk.
15:05 of 3rd period - Joe Thornton wins face-off versus Sean Couturier in Panthers zone.
15:23 of 3rd period - Off-side.
15:24 of 3rd period - Brad Richards wins face-off versus Jori Lehtera in neutral zone.
16:29 of 3rd period - Shot by Patrick Kane.
16:29 of 3rd period - Shot Misses the Net.
16:43 of 3rd period - Tomas Tatar is hit by Danny DeKeyser and loses puck.
16:50 of 3rd period - Shot by Tomas Tatar.
16:50 of 3rd period - Deflect By Connor McDavid.
16:50 of 3rd period - Stopped by Marc-Andre Fleury without a rebound.
16:51 of 3rd period - Sean Couturier wins face-off versus Joe Thornton in Panthers zone.
18:26 of 3rd period - Chris Tanev is hit by Pierre-Edouard Bellemare and loses puck.
19:04 of 3rd period - Rangers, Brian Elliott is pulled from the net.
19:22 of 3rd period - Shot by Jaromir Jagr.
19:22 of 3rd period - Shot Misses the Net.
Goals for this period are 0 for Panthers vs 0 for Rangers.
Shots for this period are 8 for Panthers vs 8 for Rangers.